 Dungeon Crawl Stone Soup version 0.17-a0-1430-g49fde19 (webtiles) character file.

23 MackTheKnife the Chopper (level 2, -1/16 HPs)
             Began as a Gargoyle Wanderer on June 25, 2015.
             Slain by a worm (10 damage)
             ... on level 2 of the Dungeon.
             The game lasted 00:01:15 (871 turns).

MackTheKnife the Chopper (Gargoyle Wanderer)         Turns: 871, Time: 00:01:15

Health: -1/16      AC:  4    Str: 18    XL:     2   Next: 95%
Magic:  3/3        EV: 11    Int: 10    God:
Gold:   73         SH:  0    Dex:  8    Spells: 0 memorised, 1 level left

rFire  . . .     SeeInvis .     b - +0 hand axe
rCold  . . .     Clarity  .     d - +0 robe
rNeg   + . .     SustAt   .     (no shield)
rPois  ∞         Gourm    .     (no helmet)
rElec  +         Spirit   .     (no cloak)
rCorr  .         Warding  .     (no gloves)
rMut   .         Stasis   .     (no boots)
MR     .....                    (no amulet)
Stlth  +.........               (no ring)
                                (no ring)

@: not resistant to hostile enchantments, very unstealthy
A: negative energy resistance 1, electricity resistance, unbreathing,
petrification resistance, rot immunity, AC +2
a: no special abilities


You were on level 2 of the Dungeon.
You were not hungry.

You visited 1 branch of the dungeon, and saw 2 of its levels.

You collected 73 gold pieces.

Inventory:

Hand weapons
 b - a +0 hand axe (weapon)
Armour
 d - a +0 robe (worn)
Magical devices
 a - a wand of flame (15)
Scrolls
 g - 4 scrolls of remove curse {unknown}
 h - a scroll of fear {unknown}
 i - a scroll of identify {unknown}
 j - a scroll of amnesia {unknown}
 k - a scroll of noise {unknown}
Potions
 c - 2 potions of curing
 f - 2 potions of degeneration {unknown}
Comestibles
 e - 3 bread rations {@e1}


   Skills:
 - Level 1.1 Fighting
 + Level 5.2 Axes
 - Level 2.1 Armour
 - Level 1.7 Evocations


You had one spell level left.
You didn't know any spells.

Dungeon Overview and Level Annotations

Branches:
Dungeon (2/15)

Altars:


Innate Abilities, Weirdness & Mutations

You are resistant to torment.
Your stone body is resilient (AC +2).
You are immune to poison.
You resist negative energy.
You are resistant to electric shocks.
You can survive without breathing.
You are immune to petrification.
You are immune to rotting.


Message History

The hobgoblin hits you with a club.
You take 4 damage, and have 11/16 hp.
MASSIVE DAMAGE!!
You barely miss the hobgoblin.
The hobgoblin hits you but does no damage.
You completely miss the hobgoblin. The hobgoblin misses you.
You closely miss the hobgoblin.
The hobgoblin hits you but does no damage.
You hit the hobgoblin.
The hobgoblin hits you but does no damage.
You closely miss the hobgoblin. The hobgoblin hits you with a club.
You take 3 damage, and have 8/16 hp.
You are too injured to fight recklessly!
You are too injured to fight recklessly!
You are too injured to fight recklessly!
You barely miss the hobgoblin.
The hobgoblin hits you but does no damage.
You hit the hobgoblin.
You kill the hobgoblin!
Things that are here:
a club; a hobgoblin corpse You start resting.
Health restored: 16
f - 2 golden potions (gained 1)
g - 4 scrolls labeled LABAON HOAV (gained 1)
Things that are here:
a stone; a kobold corpse
Things that are here:
a club; a hobgoblin corpse
c - 2 potions of curing (gained 1)
A giant newt comes into view.
A giant newt is nearby!
A giant newt is nearby!
A giant newt is nearby!
The giant newt bites you but does no damage.
You barely miss the giant newt. The giant newt bites you.
You take 2 damage, and have 14/16 hp.
You hit the giant newt.
You kill the giant newt!
No target in view!
No target in view!
No target in view!
No target in view!
You see here a giant newt corpse.
e - 3 bread rations {@e1} (gained 1)
You see here a short sword.
A hobgoblin comes into view. It is wielding a club.
The hobgoblin shouts!
A hobgoblin is nearby!
Health restored: 16 A hobgoblin is nearby!
A hobgoblin is nearby!
The hobgoblin completely misses you.
You hit the hobgoblin.
You kill the hobgoblin!
No target in view!
No target in view!
Things that are here:
a club; a hobgoblin corpse You now have 54 gold pieces (gained 12).
Done exploring.
Done exploring.
Done exploring.
No target in view!
(D) Dungeon
Where to? (? - help)
Okay, then.
(D) Dungeon
Where to? (? - help)
Okay, then.
(D) Dungeon
Where to? (? - help)
What level of the Dungeon? (default 1, ? - help)
Things that are here:
a club; a hobgoblin corpse You see here a dagger.
There is an escape hatch in the floor here.
There is a stone staircase leading down here.
You climb downwards.
You found a teleport trap!
There is a stone staircase leading up here.
k - a scroll labeled ELOWUP MEIPH You now have 73 gold pieces (gained 19).
A giant gecko and a worm come into view.
There are monsters nearby!
The helpless giant gecko fails to defend itself.
You hit the giant gecko.
The giant gecko bites you but does no damage.
You hit the giant gecko.
You kill the giant gecko!
You see here a giant gecko corpse.
You barely miss the worm. The worm bites you.
You take 3 damage, and have 13/16 hp.
You hit the worm. The worm bites you.
You take 4 damage, and have 9/16 hp.
MASSIVE DAMAGE!!
You hit the worm. You barely miss the worm. The worm bites you!
Ouch! That really hurt!
You die...

##### #...# #.#@#
#.#w# #.#.#
#.######.#..
#........### # ###
#######..###.# #..
#......#
#.#########...####
#.#...........####


You could see a worm.

Vanquished Creatures
  A giant gecko (D:2)
  4 hobgoblins (D:1)
  8 bats (D:1)
  3 giant newts (D:1)
  2 goblins (D:1)
  2 kobolds (D:1)
  2 rats (D:1)
22 creatures vanquished.

Notes
Turn   | Place    | Note
--------------------------------------------------------------
     0 | D:1      | MackTheKnife the Gargoyle Wanderer began the quest for the Orb.
     0 | D:1      | MackTheKnife set off with: a wand of flame (15), a +0 hand axe, a potion of curing, a +0 robe, a bread ration {@e1}
     0 | D:1      | Reached XP level 1. HP: 12/12 MP: 2/2
   116 | D:1      | Reached XP level 2. HP: 10/16 MP: 3/3
   267 | D:1      | Reached skill level 5 in Axes
   871 | D:2      | Slain by a worm

Vault maps used:
D:1:      minmay_arrival_widening_spiral_wide

Action                   || total
-------------------------++-------
Melee: Hand axe          ||    75
 Stab: Sleeping          ||     1

Vault maps used:
D:1:      minmay_arrival_widening_spiral_wide

Table legend:
 A = Turns spent in this place as a percentage of turns spent in the entire game.
 B = Non-inter-level travel turns spent in this place as a percentage of non-inter-level travel turns spent in the entire game.
 C = Inter-level travel turns spent in this place as a percentage of turns spent in this place.
 D = Turns resting spent in this place as a percentage of non-inter-level travel turns spent in this place.
 E = Turns spent auto-exploring this place as a percentage of non-inter-level travel turns spent in this place.
 F = Non-inter-level travel turns spent in this place divided by the number of levels of this place that you've seen.
                   A       B       C       D       E      F
               +-------+-------+-------+-------+-------+----------------------
         Total | 100.0 | 100.0 |   0.5 |   2.8 |  11.7 | 107.0
       Dungeon | 100.0 | 100.0 |   0.5 |   2.8 |  11.7 | 107.0
               +-------+-------+-------+-------+-------+----------------------

Table legend:
 A = Kills in this place as a percentage of kills in entire the game.
 B = Kills by you in this place as a percentage of kills by you in the entire game.
 C = Kills by friends in this place as a percentage of kills by friends in the entire game.
 D = Other kills in this place as a percentage of other kills in the entire game.
 E = Experience gained in this place as a percentage of experience gained in the entire game.
 F = Experience gained in this place divided by the number of levels of this place that you have seen.
                   A       B       C       D       E      F
               +-------+-------+-------+-------+-------+----------------------
         Total | 100.0 | 100.0 |  -nan |  -nan | 100.0 |  16.5
       Dungeon | 100.0 | 100.0 |  -nan |  -nan | 100.0 |  16.5
               +-------+-------+-------+-------+-------+----------------------
